 Dungeon Crawl Stone Soup version 0.28-a0-511-gcc94558de3 (webtiles) character file.

Game seed: 13055294998188806565

25 bande the Covered (level 3, -6/23 HPs)
             Began as a Gargoyle Fighter on Sept 21, 2021.
             Killed from afar by Sigmund (8 damage)
             ... with a magic dart
             ... on level 2 of the Dungeon.
             The game lasted 00:01:22 (1260 turns).

bande the Covered (Gargoyle Fighter)                Turns: 1260, Time: 00:01:23

Health: -6/23      AC: 12    Str: 19    XL:     3   Next: 6%
Magic:  3/3        EV:  7    Int:  8    God:
Gold:   64         SH:  4    Dex: 10    Spells: 2/2 levels left

rFire   . . .      SeeInvis .   a - +0 war axe
rCold   . . .      Faith    .   c - +0 buckler
rNeg    + . .      Spirit   .   e - +0 chain mail
rPois   ∞          Reflect  .   (no helmet)
rElec   +          Harm     .   (no cloak)
rCorr   .          Rampage  .   (no gloves)
Will    .....                   (no boots)
Stlth   ..........              (no amulet)
HPRegen 0.07/turn               (no ring)
MPRegen 0.08/turn               (no ring)

@: mighty, very slow
A: sickness immunity, AC +3, negative energy resistance 1, electricity
resistance, torment resistance 1, petrification resistance
a: no special abilities


You were on level 2 of the Dungeon.
You visited 1 branch of the dungeon, and saw 2 of its levels.

You collected 64 gold pieces.

Inventory:

Hand Weapons
 a - a +0 war axe (weapon)
Armour
 c - a +0 buckler (worn)
 e - a +0 chain mail (worn)
Scrolls
 b - a scroll of amnesia {unknown}
 f - a scroll of vulnerability {unknown}
Potions
 g - 2 potions of magic {unknown}


   Skills:
 + Level 3.6 Fighting
 + Level 2.1 Axes
 + Level 3.7 Armour
 + Level 3.6 Shields


You had 2 spell levels left.
You didn't know any spells.
Your spell library was empty.

Dungeon Overview and Level Annotations

Branches:
Dungeon (2/15)

Altars:

Annotations:
D:2 Sigmund


Innate Abilities, Weirdness & Mutations

You are immune to sickness and miasma.
Your stone body is resilient. (AC +3)
You are immune to poison.
You resist negative energy. (rN+)
You are resistant to electric shocks. (rElec)
You are resistant to unholy torment.
You are immune to petrification.


Message History

Your unstable footing causes you to fumble your attack.
The frilled lizard bites you but does no damage.
Sigmund casts a spell at you.
You are confused.
The frilled lizard bites you but does no damage.
Sigmund hits you with a +0 scythe.
You closely miss Sigmund.
Sigmund is lightly wounded.
You barely miss the frilled lizard.
The frilled lizard bites you but does no damage.
Sigmund mumbles some strange words.
Sigmund flickers and vanishes!
Deactivating autopickup; reactivate with Ctrl-A.
Something hits you but does no damage.
The frilled lizard bites you but does no damage.
You nearly stumble into some deep water!
The frilled lizard bites you but does no damage.
Something hits you but does no damage.
Your unstable footing causes you to fumble your attack.
You feel less confused.
The frilled lizard bites you but does no damage.
Something hits you.
Your unstable footing causes you to fumble your attack.
The frilled lizard bites you but does no damage. x2
You hear some strange, mumbled words.
A puff of flame appears from out of thin air!
The puff of flame hits you.
You closely miss the frilled lizard. You closely miss something.
You are engulfed in a cloud of scalding steam.
The frilled lizard bites you but does no damage.
You hear some strange, mumbled words.
Something tries to affect you, but you resist.
Your unstable footing causes you to fumble your attack.
You are engulfed in a cloud of scalding steam.
* * * LOW HITPOINT WARNING * * *
The frilled lizard bites you but does no damage.
You hear some strange, mumbled words.
A magic dart appears from out of thin air!
The magic dart hits you!
You die...

#.##..#.....≈.≈≈
#.##..#≈≈≈≈≈≈.≈...≈
#.##..#..≈≈≈≈≈≈≈≈≈.
##.....#..≈≈≈≈≈≈≈≈≈.
####...#.##≈≈≈≈≈≈≈≈≈≈≈.
+.........†.≈≈≈≈.♣≈≈≈≈.
####...#.##.≈≈≈≈._.≈≈≈≈
##<##....≈≈≈§..♣≈≈≈.
####.#...≈≈@≈≈≈≈≈≈≈
#.##..≈≈{l≈≈≈≈≈≈
#.##..≈≈≈≈≈≈≈≈≈.
..##.≈..≈.≈.≈≈≈≈
..##....≈.≈...≈.
#####...##### ##.## .#
..


You could see a frilled lizard.

Vanquished Creatures
  An endoplasm (D:1)
  2 goblins (D:1)
  4 hobgoblins (D:1)
  6 kobolds (D:1)
  A quokka (D:1)
  3 ball pythons
  2 bats
  2 frilled lizards
  A rat (D:1)
22 creatures vanquished.

Notes
Turn   | Place    | Note
-------+----------+-------------------------------------------
     0 | D:1      | bande the Gargoyle Fighter began the quest for the Orb.
     0 | D:1      | Reached XP level 1. HP: 14/14 MP: 1/1
    83 | D:1      | Reached XP level 2. HP: 14/19 MP: 2/2
  1112 | D:2      | Reached XP level 3. HP: 13/23 MP: 3/3
  1243 | D:2      | Found a faded altar of an unknown god.
  1244 | D:2      | Noticed Sigmund
  1260 | D:2      | Killed from afar by Sigmund

Illustrated notes

Levels and vault maps discovered:
D:1:      mushboom_english_gardens, layout_basic, hangedman_decor_diamond_cutter
D:2:      layout_loops_corners, chequers_ecumenical_altar_island,
          kennysheep_generic_room_6, uniq_terence, uniq_sigmund

Skill      XL: |  1  2 |
---------------+-------+-----
Axes           | 2 |  2.1
Fighting       | |  3.6
Armour         | |  3.7
Shields        | |  3.6

Action                   || total
-------------------------++-------
Melee: War axe           ||    77
  Use: Potion            ||     1
Armor: Chain mail        ||    60
Dodge: Dodged            ||    35
Block: Buckler           ||    12

Table legend: (Time is in decaauts)
 A = Elapsed time spent in this place.
 B = Non-inter-level travel time spent in this place.
 C = Inter-level travel time spent in this place.
 D = Time resting spent in this place.
 E = Time spent auto-exploring this place.
 F = Levels seen in this place.
 G = Mean time per level.
                   A        B        C        D        E       F      G
               +--------+--------+--------+--------+--------+-----+--------+
         Total |   1294 |   1277 |     17 |      0 |   1031 |   2 |  647.0 |
       Dungeon |   1294 |   1277 |     17 |      0 |   1031 |   2 |  647.0 |
               +--------+--------+--------+--------+--------+-----+--------+

Top non-repeatable levels by time:
     D:1: 1109 daAuts
     D:2: 185 daAuts
